Map: 10000 Feet LE

Players

Ben - Winner!

  • Race: Zerg Zerg
  • Spawn Location: 11:00

AimBØT

  • Race: Terran Terran
  • League: Platinum
  • Spawn Location: 5:00

VOD

Have the link to the VOD?

Description

Time

  • Played on: Nov. 25, 2025, 7:14 a.m.
  • Length: 20:42
Show
View Real Time Build Order
Export as new Build Order

Ben Zerg - Winner!

Build Orders: Hatch First 

Get SALT Encoding   

  12  0:02  Drone  
  13  0:12  Overlord  
  13  0:16  Drone  
  15  0:35  Drone x2  
  16  0:48  Hatchery  
  15  0:53  Drone  
  16  0:58  Drone  
  16  0:59  Drone  
  18  1:12  Extractor  
  18  1:13  Spawning Pool  
  18  1:16  Drone  
  18  1:18  Drone  
  18  1:29  Drone  
  19  1:42  Drone  
  20  1:52  Drone  
  21  2:09  Queen x2  
  21  2:10  Zergling x4  
  27  2:18  Hatchery  
  26  2:24  Overlord  
  26  2:35  Drone  
  26  2:36  Drone  
  28  2:37  Metabolic Boost  
  28  2:56  Drone x6  
  34  3:06  Queen  
  34  3:07  Overlord  
  35  3:30  Drone x6  
  35  3:32  Drone x2  
  43  3:40  Zergling x2  
  44  3:42  Queen  
  46  3:51  Evolution Chamber  
  41  4:08  Zergling x6  
  41  4:09  Zergling x2  
  42  4:10  Drone x4  
  46  4:22  Queen x2  
  50  4:32  Overlord  
  50  4:33  Overlord  
  50  4:35  Overlord  
  50  4:37  Overlord  
  50  4:50  Queen  
  50  4:51  Drone x6  
  58  5:05  Extractor  
  58  5:06  Extractor  
  56  5:08  Baneling Nest  
  55  5:16  Drone  
  55  5:17  Drone x2  
  55  5:18  Drone x3  
  55  5:19  Drone x3  
  64  5:36  Lair  
  64  5:38  Hatchery  
  63  5:44  Spore Crawler  
  63  5:46  Hatchery  
  57  6:10  Drone x13  
  70  6:16  Spore Crawler  
  69  6:19  Spore Crawler  
  69  6:22  Drone x3  
  69  6:23  Drone x6  
  69  7:10  Zergling x20  
  69  7:11  Zergling x10  
  84  7:18  Zergling x2  
  84  7:19  Baneling  
  84  7:20  Baneling x7  
  84  7:21  Centrifugal Hooks  
  84  7:22  Drone  
  85  7:23  Drone x2  
  87  7:31  Overlord x3  
  87  7:33  Hatchery  
  87  7:34  Hatchery  
  87  7:36  Hatchery  
  84  7:38  Evolution Chamber  
  84  7:39  Evolution Chamber  
  82  7:50  Drone x7  
  90  7:51  Drone x8  
  90  7:53  Zergling x8  
  90  7:56  Baneling x5  
  90  7:57  Baneling x6  
  101  8:12  Extractor  
  100  8:13  Extractor  
  100  8:19  Zergling x22  
  110  8:22  Baneling  
  110  8:23  Baneling x6  
  110  8:27  Overlord x2  
  110  8:28  Overlord x4  
  110  8:29  Overseer  
  76  9:12  Zergling x18  
  76  9:13  Zergling x24  
  76  9:14  Zergling x2  
  76  9:15  Zergling x34  
  114  9:18  Zerg Melee Weapons Level 1  
  114  9:20  Zerg Ground Armor Level 1  
  114  9:36  Drone x3  
  114  9:37  Drone x4  
  121  9:40  Spore Crawler  
  121  9:43  Spore Crawler  
  119  9:57  Hatchery, Zergling x26  
  119  9:58  Zergling x8  
  119  9:59  Zergling x2  
  136  10:01  Baneling x4  
  136  10:02  Baneling x2  
  136  10:06  Drone x3  
  140  10:07  Drone  
  140  10:08  Drone  
  140  10:09  Drone  
  140  10:10  Drone  
  143  10:14  Drone x2, Hydralisk Den  
  144  10:44  Pneumatized Carapace  
  144  11:07  Zergling x40  
  144  11:08  Hydralisk x3  
  144  11:09  Hydralisk x6  
  144  11:11  Overlord x6  
  182  11:12  Overlord x4  
  182  11:13  Overseer x2  
  173  11:38  Hydralisk x12  
  166  12:06  Infestation Pit, Drone x3  
  166  12:07  Extractor  
  167  12:08  Drone x6  
  167  12:09  Drone x4  
  167  12:12  Drone x12  
  167  12:13  Drone x4  
  167  12:15  Zergling x12  
  199  12:17  Baneling  
  199  12:18  Baneling x10  
  199  12:19  Baneling x2  
  199  12:20  Baneling x2  
  199  12:21  Baneling  
  199  12:29  Zergling x2  
  198  12:50  Drone x6  
  198  12:51  Drone x3  
  200  12:56  Baneling x2  
  200  12:57  Baneling x30  
  200  12:58  Baneling x22  
  198  13:06  Zerg Ground Armor Level 2  
  192  13:33  Extractor  
  184  13:34  Hatchery  
  184  13:37  Extractor  
  132  14:11  Zergling x24  
  132  14:14  Zergling x42  
  161  14:30  Zergling x20  
  161  14:31  Zergling x18  
  158  14:55  Zergling x4  
  158  14:56  Zergling x20  
  170  15:06  Hatchery  
  169  15:09  Zergling x18  
  169  15:10  Zergling x2  
  179  15:18  Grooved Spines, Hive  
  177  15:22  Zerg Melee Weapons Level 2  
  177  15:26  Zergling x6  
  177  15:27  Zergling x16  
  188  15:28  Baneling  
  188  15:29  Baneling x25  
  188  15:30  Baneling x3  
  188  15:32  Spore Crawler  
  179  15:55  Zergling x32  
  179  15:56  Zergling x10  
  160  16:08  Muscular Augments  
  119  16:22  Zergling x16  
  119  16:23  Hydralisk x6, Zergling x18  
  119  16:25  Zergling x2  
  145  16:33  Zerg Ground Armor Level 3  
  145  16:34  Zergling x14  
  154  16:40  Zergling x12  
  154  16:51  Zergling x12  
  154  16:52  Zergling x4  
  154  17:04  Spore Crawler  
  153  17:10  Zergling x20  
  153  17:11  Spore Crawler, Zergling x28  
  143  17:26  Spore Crawler  
  121  17:30  Zergling x12  
  121  17:31  Zergling x22  
  121  17:37  Zergling x14  
  142  17:42  Baneling  
  142  17:43  Baneling x25  
  142  17:44  Baneling x17  
  142  17:49  Hatchery  
  141  17:51  Drone x10  
  141  17:52  Drone x5  
  156  18:00  Zergling x16  
  156  18:03  Ultralisk Cavern  
  156  18:04  Adrenal Glands, Zerg Melee Weapons Level 3  
  163  18:09  Zergling x8  
  163  18:10  Zergling x10  
  163  18:11  Baneling x5  
  163  18:12  Baneling  
  172  18:20  Queen  
  117  19:11  Unknown  
  109  19:23  Zergling x12  
  109  19:24  Zergling x12  
  118  19:25  Zergling x34  
  118  19:28  Zergling x16  
  143  19:36  Anabolic Synthesis  
  143  19:39  Ultralisk x5  
  143  19:45  Zergling x14  
  180  19:52  Ultralisk  
  186  19:53  Zergling x10  
  174  20:14  Zergling x42  
  154  20:15  Zergling x2  
  154  20:17  Zergling x6  
Show
View Real Time Build Order
Export as new Build Order

AimBØT Terran 

Build Orders: Mech 

Get SALT Encoding   

  12  0:00  SCV  
  13  0:12  SCV  
  14  0:17  Supply Depot  
  14  0:24  SCV  
  14  0:28  Refinery  
  15  0:38  SCV  
  16  0:46  Barracks  
  16  0:50  SCV  
  17  1:02  Refinery  
  17  1:04  SCV  
  18  1:16  SCV  
  20  1:33  Orbital Command  
  20  1:34  Factory  
  20  1:39  Barracks Reactor  
  19  1:50  Supply Depot  
  19  1:59  SCV  
  20  2:12  SCV  
  21  2:19  Command Center  
  21  2:25  SCV  
  21  2:29  Hellion x2  
  26  2:37  SCV  
  26  2:43  Supply Depot  
  27  2:48  Starport  
  27  2:50  Hellion  
  29  2:54  SCV  
  30  3:05  Hellion  
  32  3:14  Barracks Tech Lab  
  32  3:17  SCV  
  33  3:28  Widow Mine x2  
  33  3:29  SCV  
  33  3:33  Orbital Command  
  39  3:41  SCV  
  33  4:19  SCV  
  32  4:31  Liberator  
  35  4:32  Liberator, Command Center x2  
  38  4:45  SCV x2  
  40  4:57  SCV  
  40  4:58  Refinery  
  40  4:59  Refinery  
  41  5:00  Barracks Tech Lab  
  41  5:01  Siege Tank  
  41  5:04  SCV  
  45  5:17  Factory, Barracks  
  45  5:18  Barracks  
  45  5:25  Stimpack  
  45  5:30  Liberator  
  45  5:31  SCV x2  
  50  5:38  Marine  
  51  5:43  SCV  
  52  5:51  Orbital Command  
  52  5:52  Orbital Command  
  52  5:54  SCV  
  52  5:56  Marine  
  54  6:05  Barracks Reactor  
  54  6:06  Barracks Reactor  
  54  6:07  Factory Tech Lab  
  54  6:14  SCV  
  55  6:20  SCV x2  
  55  6:23  Siege Tank  
  60  6:26  SCV  
  61  6:36  Marine  
  61  6:37  Siege Tank  
  65  6:40  SCV  
  65  6:46  SCV  
  64  6:47  SCV  
  64  6:50  Orbital Command  
  64  6:51  Engineering Bay  
  65  6:54  Marine  
  65  6:56  Marine x4  
  65  6:57  Siege Tank  
  70  7:05  SCV x2  
  70  7:07  Medivac  
  74  7:09  SCV  
  74  7:12  Marine  
  74  7:14  Marine  
  74  7:15  Marine x3  
  76  7:17  SCV x2  
  79  7:24  Siege Tank  
  79  7:26  SCV  
  79  7:27  SCV  
  84  7:37  Refinery  
  84  7:40  Refinery  
  84  7:41  Factory  
  84  7:43  Barracks  
  84  7:44  Barracks  
  84  7:46  Supply Depot  
  84  7:51  Combat Shield  
  84  7:53  Supply Depot  
  84  7:56  Supply Depot  
  84  7:59  Supply Depot  
  84  8:08  SCV, Hellion, Medivac, Marine x2  
  92  8:14  Marine  
  92  8:15  SCV, Siege Tank, Marine x2  
  92  8:17  Medivac  
  92  8:18  Orbital Command  
  100  8:21  Starport  
  100  8:24  Supply Depot  
  100  8:26  Supply Depot, Factory Tech Lab, Marine x2  
  102  8:30  SCV  
  102  8:31  Marine  
  102  8:32  Marine  
  102  8:33  Supply Depot  
  105  8:35  Barracks Reactor  
  105  8:36  Barracks Reactor  
  105  8:41  Siege Tank  
  108  8:42  SCV x2  
  108  8:44  Marine x2  
  108  8:45  Siege Tank  
  115  8:52  Terran Infantry Weapons Level 1  
  115  8:57  Engineering Bay  
  84  9:10  SCV  
  84  9:11  SCV x3  
  84  9:13  Marine x9  
  84  9:14  Siege Tank x2  
  84  9:15  Medivac x2  
  84  9:16  Medivac  
  106  9:23  SCV x2  
  108  9:31  Marine  
  108  9:38  Terran Infantry Armor Level 1, Refinery  
  109  9:41  Marine x6  
  109  9:43  SCV x2, Armory, Refinery  
  109  9:45  Marine x2  
  119  9:46  Medivac  
  119  9:48  Starport Reactor  
  119  9:49  Marine  
  122  9:59  Marine  
  123  10:11  SCV x2  
  123  10:13  SCV x2  
  127  10:14  Marine x4  
  127  10:15  Marine x4  
  127  10:16  Siege Tank  
  138  10:23  SCV  
  138  10:27  Marine  
  140  10:35  Siege Tank x2, Medivac x3, Marine x3  
  150  10:36  SCV x3  
  150  10:37  SCV  
  150  10:38  Marine x5  
  150  10:40  Medivac  
  166  10:44  Marine  
  167  10:55  Marine x3  
  167  10:56  Marine x2  
  172  11:15  Command Center  
  172  11:18  Marine x3  
  172  11:21  Marine  
  172  11:23  Marine x3  
  172  11:25  Siege Tank  
  171  11:28  Marine x2  
  171  11:30  Liberator x2  
  171  11:35  Liberator  
  171  11:36  Marine x2  
  153  11:56  Marine x8  
  153  12:00  Siege Tank x2  
  152  12:13  Marine x2  
  152  12:14  Marine x6  
  159  12:16  Liberator x3  
  159  12:18  Liberator  
  171  12:29  Marine  
  172  12:34  Marine x3  
  172  12:40  Marine x5  
  175  12:47  Command Center, Marine  
  169  12:51  Marine x3  
  169  12:58  Marine x5  
  167  13:03  Liberator x4  
  167  13:05  Marine  
  180  13:09  Marine x3  
  172  13:15  Marine x2  
  172  13:17  Marine x3  
  166  13:22  Marine  
  164  13:27  Marine x3  
  164  13:33  Marine x2  
  166  13:34  Marine  
  161  13:48  Marine x4  
  161  13:49  Marine x2  
  161  13:50  Siege Tank x2  
  161  13:51  Marine x2  
  153  14:00  Marine  
  153  14:01  Siege Tank  
  148  14:06  Marine x5  
  141  14:22  Siege Tank  
  144  14:32  Marine x4  
  144  14:33  Marine x5  
  144  14:34  Liberator, Siege Tank x2  
  150  14:50  Marine x6  
  150  14:51  Marine  
  144  14:54  Siege Tank  
  144  14:55  Orbital Command  
  144  15:06  Siege Tank  
  147  15:13  Marine x8  
  147  15:14  Marine  
  150  15:31  Marine x8  
  150  15:32  Siege Tank  
  150  15:33  Liberator x2, Siege Tank  
  150  15:34  Liberator  
  161  15:54  Marine x2  
  161  15:55  Marine x4  
  161  15:56  Siege Tank  
  164  16:03  Marine x3  
  148  16:04  Siege Tank  
  127  16:12  Marine x2  
  127  16:13  Marine  
  127  16:15  Marine, Orbital Command  
  109  16:18  Marine  
  109  16:19  Marine  
  109  16:21  Marine  
  110  16:30  Marine x3  
  113  16:32  Marine  
  113  16:34  Liberator x3  
  113  16:36  Marine  
  113  16:37  Marine  
  113  16:39  Marine  
  123  16:48  Marine x3  
  123  16:50  Marine  
  123  16:54  Marine  
  126  16:55  Marine  
  126  16:57  Marine  
  126  16:58  Siege Tank x2  
  131  17:06  Marine x3  
  131  17:08  Marine  
  112  17:25  Marine x6  
  112  17:26  Marine  
  90  17:33  Siege Tank x2  
  95  17:39  Liberator x3  
  95  17:43  Marine x6  
  95  17:44  Marine  
  110  17:50  Terran Infantry Weapons Level 2, Terran Infantry Armor Level 2  
  108  18:00  Marine x2  
  108  18:01  Marine x5  
  115  18:09  SCV x3  
  115  18:10  SCV  
  119  18:16  Siege Tank x2  
  119  18:18  Marine x3  
  128  18:20  Siege Tank  
  128  18:21  SCV, Marine x2  
  128  18:22  Marine x2  
  136  18:37  Liberator  
  136  18:38  Liberator x2  
  131  18:54  Marine x2  
  131  18:55  Marine x5  
  123  19:12  Marine  
  123  19:14  Marine x6  
  92  19:30  Marine  
  93  19:32  SCV, Marine x6  
  93  19:33  SCV  
  95  19:48  Marine  
  95  19:49  Marine x2  
  95  19:50  Command Center, Marine x4  
  99  20:06  Marine  
  97  20:07  Marine x4  
  97  20:08  Marine x2  
  91  20:23  Marine  
Tags
 
Composition
Mech
League
Platinum
Matchup
TvZ
Spawn Locations
Cross Positions
Add a new tag
Caveats
  • Supply blocks, unpowered buildings, or Contaminate may cause inaccurate times.
  • Supply counts are checked every 10 seconds.